 Dungeon Crawl Stone Soup version 0.31-a0-844-gdc52ec4e09 (webtiles) character file.

Game seed: 16157776943242721699

308 lonewolfV2 the Shield-Bearer (level 6, -1/49 HPs)
             Began as a Formicid Fighter on Sept 28, 2023.
             Killed by divine providence
             ... invoked by an orc priest
              (12 damage)
             ... on level 4 of the Dungeon.
             The game lasted 00:04:39 (3404 turns).

lonewolfV2 the Shield-Bearer (Formicid Fighter)     Turns: 3404, Time: 00:04:40

Health: -1/49      AC:  9    Str: 23    XL:     6   Next: 68%
Magic:  6/6        EV: 11    Int:  7    God:
Gold:   141        SH: 13    Dex: 13    Spells: 5/5 levels left

rFire   . . .        a - +0 war axe
rCold   . . .        g - +0 tower shield
rNeg    . . .        b - +0 scale mail
rPois   .            (helmet unavailable)
rElec   .            m - +1 cloak of Starlight {*Dazzle EV+4 Stlth--}
rCorr   .            (no gloves)
SInv    +            (no boots)
Will    .....        p - amulet of faith Stlth
                     f - ring of wizardry
HPRegen 0.28/turn    (no ring)
MPRegen 0.10/turn

%: faith, wizardry (x1)
@: no status effects
A: permanent stasis, dig shafts and tunnels, antennae 3, four strong arms
a: Dig, Shaft Self


You were on level 4 of the Dungeon.
You visited 1 branch of the dungeon, and saw 4 of its levels.

You collected 141 gold pieces.

Inventory:

Hand Weapons
 a - a +0 war axe (weapon)
Armour
 b - a +0 scale mail (worn)
 c - a +0 buckler
 g - a +0 tower shield (worn)
 m - the +1 cloak of Starlight (worn) {*Dazzle EV+4 Stlth--}
   (You found it on level 2 of the Dungeon)

   *Dazzle:   It may blind those who miss an attack against the wearer in melee
   combat.
   EV+4:      It affects your evasion (+4).
   Stlth--:   It makes you much less stealthy.
Jewellery
 f - a ring of wizardry (left hand)
 p - an amulet of faith (around neck)
Talismans
 k - a flux talisman
Wands
 j - a wand of charming (9)
Scrolls
 e - 2 scrolls of identify
 h - a scroll of revelation
 q - 2 scrolls of blinking
 r - a scroll of enchant weapon {unknown}
 t - a scroll of noise {unknown}
Potions
 d - a potion of might
 i - 3 potions of curing
 l - 3 potions of heal wounds
 n - 2 potions of resistance
 o - a potion of enlightenment
 s - a potion of haste {unknown}


   Skills:
 + Level 4.4 Fighting
 + Level 4.2 Axes
 + Level 4.2 Armour
 + Level 0.5 Dodging
 + Level 1.1 Stealth
 + Level 5.6 Shields


You had 5 spell levels left.
You didn't know any spells.
Your spell library was empty.

Dungeon Overview and Level Annotations

Branches:
Dungeon (4/15)
 Temple: D:4-7

Altars:
Sif Muna


Innate Abilities, Weirdness & Mutations

You cannot be hasted, slowed, berserked, paralysed or teleported.
You can dig through walls and to a lower floor.
You have a pair of large antennae on your head. (SInv)
Your four strong arms can wield two-handed weapons with a shield.


Message History

Beogh smites you!
Things that are here:
a +0 dagger; a +0 robe; a +0 dagger You strike the helpless orc from behind!
You hit the orc.
The orc is heavily wounded.
You hit the orc priest but do no damage.
You block the orc's attack.
The orc priest calls upon Beogh to heal the orc.
The orc's wounds heal themselves!
The orc priest closely misses you.
The orc priest is blinded by the light from your cloak!
The orc hits you but does no damage.
You catch the helpless orc completely off-guard!
You slash the orc!
You kill the orc!
You barely miss the orc priest.
The orc priest hits you but does no damage.
You hit the orc priest.
The orc priest is moderately wounded.
You block the orc priest's attack. The orc priest barely misses you.
You slash the orc priest!
The orc priest is severely wounded.
The orc priest is no longer blind.
The orc priest mumbles some strange prayers to Beogh against you.
You struggle to resist.
You hit the orc priest but do no damage.
The orc priest is severely wounded.
You block the orc priest's attack.
The orc priest invokes the aid of Beogh against you.
Pain shoots through your body!
* * * LOW HITPOINT WARNING * * *
You hit the orc priest.
The orc priest is almost dead.
You block the orc priest's attack.
You hit the orc priest.
The orc priest is almost dead.
You block the orc priest's attack.
The orc priest mumbles some strange prayers to Beogh against you.
Beogh smites you!
You die...

#####
#....####..#..###
########.<#
##.#.## #....
#..# #.#.# #....
#..####...# #....
#...>...... #....
#.#####..## #....
#.# #.>.
#....###.#
+...)@...#
#...o##### #####


You could see an orc priest.

Vanquished Creatures
  A hound (D:4)
  An orc priest (D:4)
  3 orc wizards (D:4)
  4 gnolls (D:2)
  3 adders
  2 worms
  4 dart slugs
  12 orcs
  2 bats
  4 endoplasms
  4 giant cockroaches
  6 hobgoblins
  4 jackals (D:3)
  3 kobolds
  A quokka (D:1)
  6 ball pythons
  A frilled lizard (D:3)
  3 goblins
  5 rats
69 creatures vanquished.

Vanquished Creatures (others)
  An orc wizard (D:4)
1 creature vanquished.

Grand Total: 70 creatures vanquished

Notes
Turn   | Place    | Note
-------+----------+-------------------------------------------
     0 | D:1      | lonewolfV2 the Formicid Fighter began the quest for the
                  | Orb.
     0 | D:1      | Reached XP level 1. HP: 18/18 MP: 1/1
    98 | D:1      | Reached XP level 2. HP: 24/24 MP: 2/2
   431 | D:1      | Reached XP level 3. HP: 28/30 MP: 3/3
   839 | D:2      | Found a shimmering blue altar of Sif Muna.
  1436 | D:2      | Found the +1 cloak of Starlight {*Dazzle EV+4 Stlth--}
  1679 | D:2      | Reached XP level 4. HP: 37/37 MP: 4/4
  2028 | D:3      | Reached XP level 5. HP: 42/42 MP: 5/5
  2890 | D:4      | Reached skill level 5 in Shields
  2955 | D:4      | Reached XP level 6. HP: 38/49 MP: 6/6
  3005 | D:4      | Reached skill level 1 in Stealth
  3404 | D:4      | Killed from afar by an orc priest

Illustrated notes

Levels and vault maps discovered:
D:1:      dpeg_arrival_orchard, layout_basic
D:2:      layout_loops_ring, basic_altar
D:3:      minmay_spotlight, layout_loops_corners
D:4:      layout_basic

Skill      XL: |  1  2  3  4  5  6 |
---------------+-------------------+-----
Fighting       | 4 |  4.4
Axes           | 3 4 |  4.2
Armour         | 4 |  4.2
Shields        | 5 |  5.6
Stealth        | 1 |  1.1
Dodging        | |  0.5

Action                     |  1- 3 |  4- 6 || total
---------------------------+-------+-------++-------
  Melee: War axe           |    52 |   153 ||   205
    Use: Scroll            |       |     7 ||     7
   Stab: Invisible         |       |     5 ||     5
 Armour: Scale mail        |    27 |    61 ||    88
  Dodge: Dodged            |    26 |    53 ||    79
  Block: Buckler           |     9 |       ||     9
         Tower shield      |    28 |   124 ||   152
         Form:             |     1 |       ||     1
         Flux              |     1 |       ||     1

Table legend: (Time is in decaauts)
 A = Elapsed time spent in this place.
 B = Non-inter-level travel time spent in this place.
 C = Inter-level travel time spent in this place.
 D = Time resting spent in this place.
 E = Time spent auto-exploring this place.
 F = Levels seen in this place.
 G = Mean time per level.
                   A        B        C        D        E       F      G
               +--------+--------+--------+--------+--------+-----+--------+
         Total |   3523 |   3416 |    107 |    282 |   2400 |   4 |  880.8 |
       Dungeon |   3523 |   3416 |    107 |    282 |   2400 |   4 |  880.8 |
               +--------+--------+--------+--------+--------+-----+--------+

Top non-repeatable levels by time:
     D:2: 1062 daAuts
     D:3: 1039 daAuts
     D:1: 824 daAuts
     D:4: 596 daAuts
